 Dungeon Crawl Stone Soup version 0.16.1-11-g651b585 (webtiles) character file.

730 liss12 the Skirmisher (level 8, 0/70 HPs)
             Began as a Human Chaos Knight on Mar 30, 2015.
             Succumbed to an orc wizard's poison
             ... in the Ecumenical Temple.
             The game lasted 00:23:44 (3618 turns).

liss12 the Skirmisher (Human Chaos Knight)          Turns: 3618, Time: 00:23:44

Health: 0/70       AC:  7    Str: 14    XL:     8   Next: 3%
Magic:  7/7        EV: 12    Int: 13    God:    Xom [..*...]
Gold:   201        SH:  3    Dex: 13    Spells: 1 memorised, 4 levels left

rFire  . . .     SeeInvis .     a - +2 falchion (chaos)
rCold  + . .     Clarity  .     b - +2 leather armour
rNeg   . . .     SustAb   +     j - +0 buckler
rPois  .         Gourm    .     (no helmet)
rElec  .         Spirit   .     e - +0 cloak
rCorr  .         Warding  .     (no gloves)
rMut   .         Stasis   .     (no boots)
MR     +....                    (no amulet)
Stlth  +.........               (no ring)
                                p - ring of sustain abilities

@: lethally poisoned (0 -> -8), somewhat resistant to hostile enchantments, very
unstealthy
A: icy blue scales 1, blink 1, breathe flames 1, cold resistance 1, low mp 1,
magic resistance 1, sense surroundings 1, robust 1
a: Blink, Renounce Religion, Breathe Fire


You were in the Ecumenical Temple.
You worshipped Xom.
You were a toy of Xom.
You were not hungry.

You visited 2 branches of the dungeon, and saw 6 of its levels.

You collected 201 gold pieces.

Inventory:

Hand weapons
 a - a +2 falchion of chaos (weapon)
Armour
 b - a +2 leather armour (worn)
 e - a +0 cloak (worn)
 g - a +0 robe
 j - a +0 buckler (worn)
 m - a -2 chain mail
Jewellery
 p - a ring of sustain abilities (left hand)
Magical devices
 q - a wand of flame (16)
Scrolls
 d - 2 scrolls of fog
 i - 3 scrolls of teleportation
 k - a scroll of fear {unknown}
 s - a scroll of remove curse
 t - a scroll of amnesia {unknown}
Potions
 n - a potion of poison
Books
 u - a book of Maledictions

   Spells                             Type                      Level
   a - Corona                         Hexes                        1
   b - Sure Blade                     Hexes/Charms                 2
   c - Ensorcelled Hibernation        Hexes/Ice                    2
   d - Confuse                        Hexes                        3
   e - Dazzling Spray                 Conjuration/Hexes            3
   f - Enslavement                    Hexes                        4
Comestibles
 c - 2 bread rations
 f - 2 slices of pizza
 h - 2 meat rations
 l - a beef jerky
 o - 2 fruits


   Skills:
 * Level 5.9 Fighting
 + Level 4.7 Long Blades
 + Level 4.1 Armour
 + Level 3.7 Dodging


You had 4 spell levels left.
You knew the following spells:

 Your Spells              Type           Power        Failure   Level  Hunger
a - Confuse               Hex            #.......     99%         3    ####...


Dungeon Overview and Level Annotations

Branches:
Dungeon (5/15)             Temple (1/1) D:5

Altars:
Cheibriados
Sif Muna

Shops:
D:4 [

Portals:
Sewer: D:5


Innate Abilities, Weirdness & Mutations

You are partially covered in icy blue scales (AC +1).
You can translocate small distances at will.
You can breathe flames.
Your flesh is cold resistant.
Your magical capacity is low (-10% MP).
You are resistant to hostile enchantments.
You passively map a small area around you.
You are robust (+10% HP).


Message History

You feel sick.
You kill the orc wizard!
You have reached level 8!
You feel clever.
Drink which item? (? for menu, Esc to quit)
Okay, then.
Eat which item? (? for menu, Esc to quit)
* * * LOW HITPOINT WARNING * * *
You feel sick.
You continue eating.
* * * LOW HITPOINT WARNING * * *
You feel sick.
You continue eating.
* * * LOW HITPOINT WARNING * * *
You feel sick.
You finish eating.
That bread ration really hit the spot!
You offer a prayer to Xom.
Xom says: I'm watching you, my misbegotten child.
You die...
Xom chortles!

* , , ## ,
,,...##* , ,
......##
,,....8...## ,**
,.........## ,
*,,.......)..##
,,,............##
*, **,*#...@....#
,
*,*,..#........##
, ,._...........#
*,*...#.##.##...#
* ,
,*#.##.#...#...#
,_ ,
......_..†<.# , *
**.##.#...#...#
,* ,,#.##.##...#
,,,_ ,,........#


There were no monsters in sight!

Vanquished Creatures
  2 sky beasts (D:5)
  The ghost of Ryushun the Gusty, a weakling DrAE (D:3)
  A giant frog skeleton (D:5)
  3 orc wizards
  2 orc priests (D:4)
  5 worker ants (D:4)
  A hound (D:5)
  3 adders
  4 gnolls (D:4)
  A giant mite (D:4)
  4 worms
  3 giant geckos
  An ooze (D:5)
  8 orcs (D:4)
  2 ball pythons
  A bat skeleton (D:4)
  6 giant cockroaches
  15 goblins
  7 hobgoblins
  7 jackals
  2 quokkas
  A ball python skeleton (D:4)
  5 bats
  6 giant newts
  8 kobolds
  12 rats
111 creatures vanquished.

Vanquished Creatures (collateral kills)
  A giant mite (D:4)
1 creature vanquished.

Vanquished Creatures (others)
  An ooze (D:2)
  An orc zombie (D:4)
2 creatures vanquished.

Grand Total: 114 creatures vanquished

Notes
Turn   | Place    | Note
--------------------------------------------------------------
     0 | D:1      | liss12, the Human Chaos Knight, began the quest for the Orb.
     0 | D:1      | Reached XP level 1. HP: 18/18 MP: 1/1
    94 | D:1      | Reached XP level 2. HP: 24/24 MP: 2/2
   373 | D:1      | Reached XP level 3. HP: 29/29 MP: 3/3
   577 | D:1      | Gained mutation: Your magical capacity is low (-10% MP). [potion of mutation]
   577 | D:1      | Gained mutation: Your flesh is cold resistant. [potion of mutation]
   577 | D:1      | Gained mutation: You are resistant to hostile enchantments. [potion of mutation]
   655 | D:2      | XOM: potion effect (brilliance)
   659 | D:2      | XOM: divination: magic mapping
   773 | D:2      | XOM: mild Divn miscast
   959 | D:2      | Reached XP level 4. HP: 20/37 MP: 3/3
  1211 | D:2      | XOM: divination: detect creatures
  1365 | D:3      | XOM: noise
  1428 | D:3      | Noticed Ryushun's ghost (weakling DrAE)
  1431 | D:3      | XOM: potion effect (agility)
  1434 | D:3      | XOM: harmless Pois miscast
  1439 | D:3      | XOM: potion effect (berserk rage)
  1443 | D:3      | Killed Ryushun's ghost
  1443 | D:3      | Reached skill level 4 in Fighting
  1443 | D:3      | Reached XP level 5. HP: 42/42 MP: 4/4
  1521 | D:3      | XOM: harmless Necr miscast
  2151 | D:4      | XOM: smoke on damage
  2243 | D:4      | Reached XP level 6. HP: 6/49 MP: 5/5
  2246 | D:4      | XOM: silly message
  2286 | D:4      | XOM: potion effect (invisibility)
  2297 | D:4      | XOM: harmless Conj miscast
  2336 | D:4      | XOM: smoke on damage
  2700 | D:4      | XOM: harmless Tloc miscast
  2702 | D:4      | Reached skill level 5 in Fighting
  2702 | D:4      | Reached XP level 7. HP: 49/56 MP: 6/6
  2755 | D:4      | Found Tury's Antique Armour Shoppe.
  3028 | D:4      | XOM: summons friendly white imp
  3232 | D:4      | XOM: give mutation
  3232 | D:4      | Gained mutation: You are robust (+10% HP). [Xom's grace]
  3260 | D:4      | XOM: give mutations
  3260 | D:4      | Gained mutation: You are partially covered in icy blue scales (AC +1). [Xom's grace]
  3260 | D:4      | Gained mutation: You can breathe flames. [Xom's grace]
  3260 | D:4      | Gained mutation: You can translocate small distances at will. [Xom's grace]
  3260 | D:4      | Gained mutation: You passively map a small area around you. [Xom's grace]
  3358 | D:4      | XOM: god gift: scroll labeled NYIGOG FINIPOL
  3363 | D:4      | XOM: enchant monster (good)
  3396 | D:5      | Entered Level 5 of the Dungeon
  3397 | D:5      | XOM: potion effect (brilliance)
  3492 | D:5      | Learned a level 3 spell: Confuse
  3559 | D:5      | Found a glowing drain.
  3570 | D:5      | Found a staircase to the Ecumenical Temple.
  3586 | D:5      | XOM: confuse monster(s)
  3593 | D:5      | XOM: snakes to sticks
  3594 | Temple   | Entered the Ecumenical Temple
  3603 | Temple   | XOM: divination: magic mapping
  3614 | Temple   | HP: 3/62 [poisoned by an orc wizard]
  3614 | Temple   | Reached XP level 8. HP: 3/70 MP: 7/7
  3617 | Temple   | HP: 1/70 [poisoned by an orc wizard]
  3618 | Temple   | Succumbed to an orc wizard's poison

Action                   |  1- 3 |  4- 6 |  7- 9 || total
-------------------------+-------+-------+-------++-------
Melee: Falchion          |   136 |   179 |   107 ||   422
 Abil: Breathe Fire      |       |       |     1 ||     1
       Blink             |       |       |     1 ||     1
  Use: Potion            |     3 |     8 |     3 ||    14
       Scroll            |     1 |     7 |     2 ||    10
 Stab: Paralysed         |     2 |     1 |     3 ||     6
       Invisible         |       |     5 |       ||     5
  Eat: Chunk             |       |     5 |     3 ||     8
       Beef jerky        |       |     1 |       ||     1
       Bread ration      |       |       |     1 ||     1
